 Dungeon Crawl Stone Soup version 0.29.1-15-g9cfb28693d (webtiles) character file.

Game seed: 14639317177775560976

2622 Heoruswealwe the Protected (level 9, -22/82 HPs)
             Began as a Minotaur Fighter on Mar 9, 2023.
             Was an Elder of Trog.
             Annihilated by a very large slime creature (49 damage)
             ... on level 7 of the Dungeon.
             The game lasted 01:07:06 (5248 turns).

Heoruswealwe the Protected (Minotaur Fighter)       Turns: 5248, Time: 01:07:07

Health: -22/82     AC: 15    Str: 24    XL:     9   Next: 34%
Magic:  8/8        EV:  7    Int:  5    God:    Trog [****..]
Gold:   265        SH:  6    Dex: 17    Spells: 8/8 levels left

rFire   . . .      SeeInvis .   y - +8 war axe "Ithraghi" {freeze, rN+}
rCold   . . .      Faith    .   c - +0 buckler
rNeg    + . .      Spirit   .   a - +0 plate armour
rPois   .          Reflect  .   (helmet restricted)
rElec   .          Harm     .   (no cloak)
rCorr   .          Rampage  .   (no gloves)
Will    .....                   k - +0 pair of boots
Stlth   ..........              (no amulet)
HPRegen 0.23/turn               s - +6 ring of dexterity
MPRegen 0.11/turn               e - +4 ring of slaying

@: no status effects
A: horns 2, retaliatory headbutt
a: Renounce Religion, Berserk, Trog's Hand, Brothers in Arms


You were on level 7 of the Dungeon.
You worshipped Trog.
Trog was greatly pleased with you.
You visited 2 branches of the dungeon, and saw 8 of its levels.
You also visited: Ossuary.

You collected 296 gold pieces.
You spent 31 gold pieces at shops.

Inventory:

Hand Weapons
 y - the +8 war axe "Ithraghi" (weapon) {freeze, rN+}
   (You found it on level 6 of the Dungeon)

   It freezes those it strikes, dealing additional cold damage.
   It can also slow down cold-blooded creatures.
   rN:        It protects you from negative energy.
Armour
 a - a +0 plate armour (worn)
 c - a +0 buckler (worn)
 k - a +0 pair of boots (worn)
Jewellery
 e - a +4 ring of slaying (right hand)
 s - a +6 ring of dexterity (left hand)
Wands
 u - a wand of iceblast (4)
Scrolls
 f - a scroll of poison
 g - 3 scrolls of fog
 i - a scroll of blinking
 j - a scroll of torment {unknown}
 m - 2 scrolls of enchant weapon
 q - 3 scrolls of teleportation
 t - 2 scrolls of enchant armour
 x - a scroll of summoning
Potions
 b - 4 potions of lignification
 d - 3 potions of might
 h - a potion of haste
 n - 2 potions of heal wounds {unknown}
 o - a potion of ambrosia {unknown}
 p - 5 potions of curing {unknown}
 r - a potion of flight
 v - a potion of magic {unknown}
 w - 2 potions of invisibility
 z - 2 potions of resistance {unknown}
 A - 2 potions of degeneration {unknown}


   Skills:
 + Level 8.4 Fighting
 + Level 8.0 Axes
 + Level 8.5 Armour
 + Level 8.5 Shields


You had 8 spell levels left.
You didn't know any spells.
Your spell library contained the following spells:

 Spells                   Type           Power      Damage    Failure   Level
 Poisonous Vapours        Pois/Air       0%         N/A       100%        2
 Conjure Flame            Conj/Fire      0%         6-21      100%        3
 Ignite Poison            Fire/Tmut/Pois 0%         N/A       100%        3
 Animate Dead             Necr           0%         N/A       100%        4
 Cause Fear               Hex            0%         N/A       100%        4
 Corpse Rot               Necr/Pois/Air  0%         N/A       100%        4
 Sticky Flame             Conj/Fire      0%         2d3       100%        4
 Borgnjor's Vile Clutch   Necr/Erth      0%         N/A       100%        5
 Death Channel            Necr           0%         N/A       100%        6
 Dragon Form              Tmut           0%         N/A       100%        7
 Dragon's Call            Summ           0%         N/A       100%        9


Dungeon Overview and Level Annotations

Branches:
Dungeon (7/15)             Temple (1/1) D:5         Ossuary (visited)

Altars:
Ashenzari
Cheibriados
Dithmenos
Elyvilon
Fedhas
Gozag
Hepliaklqana
Kikubaaqudgha
Makhleb
Nemelex Xobeh
Okawaru
Qazlal
Ru
Sif Muna
Trog
Uskayaw
Vehumet
Wu Jian
Xom
Yredelemnul
Zin
The Shining One

Shops:
D:5 =*


Innate Abilities, Weirdness & Mutations

You have a pair of horns on your head.
You reflexively headbutt those who attack you in melee.


Message History

You slash the slime creature! You freeze the slime creature.
You headbutt the slime creature.
The slime creature is almost dead.
The slime creature hits you but does no damage.
You slash the slime creature! You freeze the slime creature.
You kill the slime creature!
Trog accepts your kill.
A slime creature comes into view.
You hit the slime creature. You freeze the slime creature.
The slime creature is lightly wounded.
Two slime creatures merge to form a large slime creature.
You slice the large slime creature!! You freeze the large slime creature!
You headbutt the large slime creature!
The large slime creature is moderately wounded.
A large slime creature splits.
You slice the slime creature!! You freeze the slime creature!
The slime creature is almost dead.
You slash the slime creature! You freeze the slime creature.
The slime creature hits you but does no damage.
Two slime creatures merge to form a large slime creature.
You block the slime creature's attack.
You slice the large slime creature!! You freeze the large slime creature!
The large slime creature is severely wounded.
You hit the slime creature. You freeze the slime creature.
You kill the slime creature!
Trog accepts your kill.
Two slime creatures merge to form a very large slime creature.
Your Axes skill increases to level 8!
You slice the very large slime creature!!
You freeze the very large slime creature.
The very large slime creature is severely wounded.
The very large slime creature hits you!!!
Ouch! That really hurt!
A slime creature comes into view.
You slice the very large slime creature!!
You freeze the very large slime creature.
The very large slime creature is severely wounded.
The very large slime creature hits you!!!
Ouch! That really hurt!
You die...

. #. #.. ..
####J####
......J.#
###@#####
#.....<.#
#...###.#
...........#
#####+###..#
#..# #..#
+..# #..#


You could see a very large slime creature and a slime creature.

Vanquished Creatures
  2 slime creatures (D:7)
  2 orc warriors (D:7)
  A black bear (D:6)
  2 phantoms (D:4)
  An elf zombie (Ossuary)
  A necrophage (D:5)
  A gnoll sergeant (D:7)
  5 scorpions
  10 wights (D:6)
  5 hounds
  3 orc priests
  A human zombie (Ossuary)
  Natasha (twice) (D:3)
  2 iguanas
  4 orc wizards
  2 mummies (Ossuary)
  7 gnolls
  11 adders
  A white imp (D:7)
  3 ufetubi
  2 dart slugs (D:4)
  21 orcs
  3 bats
  9 endoplasms
  A giant cockroach (D:3)
  6 goblins
  3 hobgoblins
  3 jackals (D:1)
  2 quokkas (D:4)
  5 ball pythons
  5 frilled lizards
  2 goblin zombies (Ossuary)
  11 hobgoblin zombies (Ossuary)
  A jackal zombie (Ossuary)
  6 kobolds
  13 kobold zombies (Ossuary)
  6 orc zombies (Ossuary)
  4 rats
  2 rat zombies (Ossuary)
  A spectral kobold (D:2)
  2 bushes (D:5)
174 creatures vanquished.

Vanquished Creatures (others)
  Natasha (D:3)
1 creature vanquished.

Grand Total: 175 creatures vanquished

Notes
Turn   | Place    | Note
-------+----------+-------------------------------------------
     0 | D:1      | Heoruswealwe the Minotaur Fighter began the quest for the
                  | Orb.
     0 | D:1      | Reached XP level 1. HP: 19/19 MP: 0/0
    76 | D:1      | Reached XP level 2. HP: 26/27 MP: 1/1
   767 | D:2      | Reached XP level 3. HP: 33/33 MP: 2/2
   767 | D:2      | Found a faded altar of an unknown god.
   780 | D:2      | Prayed at the altar of an unknown god.
   780 | D:2      | Became a worshipper of Trog the Wrathful
   780 | D:2      | Reached * piety under Trog
   786 | D:2      | Found a shimmering altar of Xom.
  1252 | D:3      | Noticed Natasha
  1260 | D:3      | Killed Natasha
  1261 | D:3      | Reached XP level 4. HP: 9/41 MP: 3/3
  1496 | D:3      | Noticed Natasha
  1499 | D:3      | Killed Natasha
  1645 | D:3      | Noticed Natasha
  1651 | D:3      | Killed Natasha
  1652 | D:3      | Reached XP level 5. HP: 32/47 MP: 4/4
  1904 | D:4      | Found a glowing golden altar of the Shining One.
  1925 | D:4      | Noticed a phantom
  1944 | D:4      | Reached ** piety under Trog
  1948 | D:4      | Killed a phantom
  1949 | D:4      | Reached skill level 5 in Fighting
  1949 | D:4      | Reached skill level 5 in Armour
  1949 | D:4      | Reached skill level 5 in Shields
  1949 | D:4      | Reached XP level 6. HP: 42/56 MP: 5/5
  2330 | D:5      | Entered Level 5 of the Dungeon
  2415 | D:5      | Reached skill level 5 in Axes
  2415 | D:5      | Reached XP level 7. HP: 61/62 MP: 6/6
  2537 | D:5      | Found Nasolon's CLEARANCE SALE!.
  2541 | D:5      | Bought a potion of flight for 9 gold pieces
  2541 | D:5      | Bought a scroll of enchant armour for 22 gold pieces
  2658 | D:5      | Found a staircase to the Ecumenical Temple.
  2750 | D:5      | Found Tall's Jewellery Emporium.
  3226 | D:4      | You fall into a shaft and drop 1 floor!
  3235 | Temple   | Entered the Ecumenical Temple
  3745 | D:6      | Reached XP level 8. HP: 71/71 MP: 7/7
  3761 | D:6      | Found a sand-covered staircase.
  3769 | Ossuary  | Entered an ossuary
  3780 | Ossuary  | Reached *** piety under Trog
  4027 | D:6      | Reached **** piety under Trog
  4039 | D:6      | Identified the +8 war axe "Ithraghi" {freeze, rN+}
  4085 | D:6      | Identified the +0 robe of Oblivion {Will+ Dex+3}
  4633 | D:7      | Reached XP level 9. HP: 21/81 MP: 8/8
  5248 | D:7      | Annihilated by a very large slime creature

Illustrated notes

Levels and vault maps discovered:
D:1:      scummos_arrival_forest, layout_basic, grunt_decor_clamped
D:2:      layout_rooms, dreamdust_ecumenical_altar_drowned_temple, basic_altar
D:3:      layout_loops_cross, minmay_misc_feat_pillars, uniq_natasha
D:4:      layout_rooms, tso_altar
D:5:      layout_basic, minmay_temple_entry_overgrown, serial_shops,
          nicolae_shop_trees, nicolae_shop_clearance
D:6:      layout_loops_ring, nicolae_ossuary_entry_plus, corexii_checkpoint_a
D:7:      minmay_the_grid_square_5x5_3x3 [minmay_the_grid_square_5x5_hourglass,
          minmay_the_grid_square_5x5_trominoes,
          minmay_the_grid_square_5x5_gyroscope, minmay_the_grid_square_5x5_two,
          minmay_the_grid_square_5x5_megaprize_crossed,
          minmay_the_grid_square_5x5_z, minmay_the_grid_square_5x5_eight,
          minmay_the_grid_square_5x5_v, minmay_the_grid_square_5x5_dogpile],
          layout_basic, minmay_misc_feat_hallway, kennysheep_small_square
Temple:   nicolae_temple_slightly_damp_pantheon

Skill      XL: |  1  2  3  4  5  6  7  8  9 |
---------------+----------------------------+-----
Fighting       | 4 5 6 7 8 |  8.4
Shields        | 4 5 6 8 |  8.5
Armour         | 4 5 6 7 8 |  8.5
Axes           | 3 4 5 6 7 8 |  8.0

Action                   |  1- 3 |  4- 6 |  7- 9 || total
-------------------------+-------+-------+-------++-------
Melee: War axe           |    87 |    72 |   222 ||   381
       Headbutt          |     8 |    10 |    47 ||    65
  Use: Scroll            |       |     8 |     6 ||    14
Armor: Scale mail        |    19 |       |       ||    19
       Chain mail        |    41 |    37 |    62 ||   140
       Plate armour      |       |       |     6 ||     6
Dodge: Dodged            |    38 |    22 |    42 ||   102
Block: Buckler           |    22 |    14 |    36 ||    72
